 Dungeon Crawl Stone Soup version 0.29.1-1-gd02db6906a (webtiles) character file.

Game seed: 6392023080266450673

540 RascalDebosk the Ducker (level 7, 0/51 HPs)
             Began as a Merfolk Transmuter on Sept 25, 2022.
             Was an Initiate of Sif Muna.
             Slain by an orc priest
             ... wielding a +0 club
              (5 damage)
             ... on level 4 of the Dungeon.
             The game lasted 00:37:51 (4377 turns).

RascalDebosk the Ducker (Merfolk Transmuter)        Turns: 4377, Time: 00:37:52

Health: 0/51       AC:  3    Str: 10    XL:     7   Next: 26%
Magic:  11/11      EV: 15    Int: 14    God:    Sif Muna [......]
Gold:   156        SH:  0    Dex: 21    Spells: 2/12 levels left

rFire   + . .      SeeInvis .   k - +5 scythe "Finisher" {speed, eviscerate}
rCold   . . .      Faith    .   (shield currently unavailable)
rNeg    . . .      Spirit   .   f - +0 robe
rPois   .          Reflect  .   (no helmet)
rElec   .          Harm     .   q - +0 cloak
rCorr   .          Rampage  .   (no gloves)
Will    .....                   (no boots)
Stlth   ++........              (no amulet)
HPRegen 0.17/turn               j - ring of protection from fire
MPRegen 0.12/turn               a - +6 ring of dexterity

@: no status effects
A: (nimble swimmer 2), mertail
a: Renounce Religion


You were on level 4 of the Dungeon.
You worshipped Sif Muna.
Sif Muna was noncommittal.
You visited 2 branches of the dungeon, and saw 5 of its levels.

You collected 156 gold pieces.

Inventory:

Hand Weapons
 g - a +3 vorpal flail
 k - the +5 scythe "Finisher" (weapon) {speed, eviscerate}
   (You found it on level 2 of the Dungeon)

   Attacks with this weapon are significantly faster.
   It may eviscerate those it strikes, slaying them instantly, with a decreasing
   chance against stronger foes.
Armour
 f - a +0 robe (worn)
 q - a +0 cloak (worn)
Jewellery
 a - a +6 ring of dexterity (right hand)
 j - a ring of protection from fire (left hand)
Scrolls
 i - 2 scrolls of identify
 l - a scroll of poison {unknown}
 p - a scroll of vulnerability {unknown}
 r - a scroll of fear {unknown}
 t - 2 scrolls of teleportation
Potions
 b - a potion of lignification
 c - 4 potions of curing
 d - 2 potions of brilliance {unknown}
 e - a potion of degeneration {unknown}
 h - a potion of flight


   Skills:
 + Level 2.8 Fighting
 + Level 4.5 Dodging
 + Level 4.3 Unarmed Combat
 + Level 3.0 Spellcasting
 + Level 4.3 Transmutations
 + Level 2.4 Ice Magic
 + Level 2.5 Poison Magic
 + Level 2.6 Invocations


You had 2 spell levels left.
You knew the following spells:

 Your Spells              Type           Power      Damage    Failure   Level
a - Beastly Appendage     Tmut           28%        N/A       3%          1
b - Wereblood             Tmut           14%        N/A       5%          2
c - Spider Form           Tmut/Pois      11%        N/A       16%         3
d - Freeze                Ice            36%        1d6       8%          1
e - Frozen Ramparts       Ice            18%        1d3       24%         3

Your spell library contained the following spells:

 Spells                   Type           Power      Damage    Failure   Level
 Passwall                 Tmut/Erth      6%         N/A       13%         2
 Apportation              Tloc           4%         N/A       22%         1
 Necrotise                Necr           8%         1d4       22%         1
 Sandblast                Erth           4%         2d4       22%         1
 Summon Small Mammal      Summ           8%         N/A       22%         1
 Ice Form                 Ice/Tmut       11%        N/A       45%         4
 Stone Arrow              Conj/Erth      4%         3d7       54%         3
 Hailstorm                Conj/Ice       5%         3d4       78%         4


Dungeon Overview and Level Annotations

Branches:
Dungeon (4/15)             Temple (1/1) D:4

Altars:
Ashenzari
Cheibriados
Dithmenos
Fedhas
Nemelex Xobeh
Qazlal
Ru
Sif Muna
Trog
Uskayaw
Vehumet
Wu Jian
Zin

Shops:
D:1 [


Innate Abilities, Weirdness & Mutations

((You are very nimble when in or above water. (Stealth+, EV+, Speed+++)))
Your lower body shifts to a powerful aquatic tail in water.


Message History

There is a glowing silver altar of Zin here.
Found a shimmering blue altar of Sif Muna.
Found a shadowy altar of Dithmenos.
Found an ornate altar of the Wu Jian Council.
Found a bloodstained altar of Trog.
There is a bloodstained altar of Trog here.
Found a blossoming altar of Fedhas.
Done exploring.
Done exploring.
There is a shimmering blue altar of Sif Muna here.
You kneel at the altar of Sif Muna.
Sif Muna welcomes you!
There is a staircase back to the Dungeon here.
You climb upwards.
Welcome back to the Dungeon!
There is a staircase to the Ecumenical Temple here.
A quokka comes into view.
A quokka is nearby!
A kobold comes into view. It is wielding a +0 short sword.
There is a stone staircase leading down here.
Casting: Beastly Appendage (safe; 3% risk of failure)
Press: ? - help, Q - select action, (/) - cycle Dir - look around, f - activate You grow a pair of large bovine horns.
The kobold shouts!
You hear a shout! x3
You hit the quokka. You headbutt the quokka.
You kill the quokka!
Sif Muna accepts your kill.
You hear a shout!
The kobold throws a stone.
The stone closely misses you.
A goblin comes into view. It is wielding a +0 dagger.
The goblin shouts!
You hear a shout!
An orc comes into view. It is wielding a +0 flail.
The kobold throws a stone.
The stone closely misses you.
An adder comes into view.
Your transformation is almost over.
An orc comes into view. It is wielding a +0 short sword.
An orc priest comes into view. It is wielding a +0 club.
The adder moves out of view.
Reach: k) +5 scythe "Finisher" {speed, eviscerate}
Press: ? - help, Dir - move target, f - orc
Aim: an orc, wielding a +0 flail and wearing a +0 chain mail (about 30% to evade the +5 scythe "Finisher")
You reach to attack!
You completely miss the orc. The orc misses you.
The orc priest shouts!
You hit the orc.
You blow up the orc!
Sif Muna accepts your kill.
You hear a shout! x2
The orc priest invokes the aid of Beogh against you.
Beogh smites you!
You barely miss the kobold.
A hobgoblin comes into view.
The kobold barely misses you. x2; The goblin misses you.
A hobgoblin comes into view.
The hobgoblin moves out of view.
You closely miss the kobold.
The hobgoblin shouts!
Your headbutt misses the kobold.
A quokka comes into view.
The kobold hits you with a +0 short sword.
The goblin hits you with a +0 dagger.
You puncture the kobold!
You kill the kobold!
Sif Muna accepts your kill. The goblin hits you with a +0 dagger.
You hit the goblin.
The goblin is severely wounded.
The orc priest begins to cast a cantrip, but forgets the words!
An endoplasm comes into view.
The goblin hits you but does no damage. x2
The orc hits you with a +0 short sword.
The endoplasm moves out of view.
You puncture the goblin!
You kill the goblin!
Sif Muna accepts your kill.
Your horns disappear.
The orc misses you.
You hit the orc.
You blow up the orc!
Sif Muna accepts your kill. The hobgoblin hits you.
The orc priest mumbles some strange prayers to Beogh against you.
Beogh smites you!
* * * LOW HITPOINT WARNING * * *
The quokka closely misses you.
You closely miss the quokka. The hobgoblin misses you.
The quokka bites you but does no damage.
The hobgoblin completely misses you. The quokka bites you.
* * * LOW HITPOINT WARNING * * *
You puncture the quokka!
You kill the quokka!
Sif Muna accepts your kill.
You barely miss the orc priest. The hobgoblin closely misses you.
The orc priest barely misses you.
A worm comes into view.
You puncture the orc priest!
The orc priest is heavily wounded.
The hobgoblin closely misses you.
The orc priest calls down the wrath of Beogh upon you.
Pain shoots through your body!
* * * LOW HITPOINT WARNING * * *
The orc priest hits you with a +0 club.
You die...

#..............#.###..#
#..........##.........#
#..........##....#..>.#####*
#..........##..###....<....#
#..........##.## #...#####..
##........###.# #.### ***
##......####>####.# ###
##########..†..#.# #..
****#@.......# #..
******#..gog.......# #..
*,,,....##.##......# #..
*,**.#*,*..,#......# #..
*,*,,,*,...,.......#*****#(.
*,,,,,,...w,#.......,,,,,...
*,*,,,.....**......#*****#..
*,**,..##..,,,,....* #..
*,,,,,,**,,,**,,,,,* #..


You could see a worm, an orc priest and 2 hobgoblins.

Vanquished Creatures
  Grinder (D:3)
  A scorpion (D:4)
  A hound (D:4)
  An iron imp (D:3)
  3 orc wizards (D:4)
  5 adders
  3 dart slugs
  12 orcs
  7 endoplasms
  5 giant cockroaches
  7 hobgoblins
  4 jackals (D:3)
  5 kobolds
  5 quokkas
  5 ball pythons
  8 bats
  3 frilled lizards
  5 goblins
  4 rats
85 creatures vanquished.

Vanquished Creatures (collateral kills)
  An orc (D:4)
  A giant cockroach (D:4)
2 creatures vanquished.

Grand Total: 87 creatures vanquished

Notes
Turn   | Place    | Note
-------+----------+-------------------------------------------
     0 | D:1      | RascalDebosk the Merfolk Transmuter began the quest for the
                  | Orb.
     0 | D:1      | Reached XP level 1. HP: 15/15 MP: 3/3
    10 | D:1      | Found Wiabyire's Antique Armour Shoppe.
    46 | D:1      | Reached XP level 2. HP: 12/21 MP: 3/5
   882 | D:1      | Reached XP level 3. HP: 21/26 MP: 6/6
   885 | D:1      | Learned a level 2 spell: Wereblood
   889 | D:1      | Learned a level 3 spell: Spider Form
  1211 | D:2      | Reached skill level 1 in Ice Magic
  1290 | D:2      | Found the +5 scythe "Finisher" {speed, eviscerate}
  1386 | D:2      | Reached skill level 1 in Poison Magic
  1390 | D:2      | Reached skill level 1 in Invocations
  1834 | D:2      | Reached XP level 4. HP: 32/32 MP: 7/7
  2145 | D:2      | Found a faded altar of an unknown god.
  2601 | D:3      | Found a broken altar of Ashenzari.
  2676 | D:3      | Identified the +9 dagger "Ugugusos" {protect, Int+2}
  2966 | D:3      | Found a snail-covered altar of Cheibriados.
  2967 | D:3      | Noticed Grinder
  2978 | D:3      | Reached XP level 5. HP: 38/38 MP: 4/8
  2993 | D:3      | Killed Grinder
  2994 | D:3      | Reached XP level 6. HP: 12/46 MP: 6/10
  3308 | D:4      | Identified a scroll of acquirement
  3308 | D:4      | Acquired a book of Frost
  3312 | D:4      | Learned a level 1 spell: Freeze
  3316 | D:4      | Learned a level 3 spell: Frozen Ramparts
  3976 | D:4      | Reached XP level 7. HP: 50/51 MP: 11/11
  4214 | D:4      | Found a staircase to the Ecumenical Temple.
  4234 | Temple   | Entered the Ecumenical Temple
  4286 | Temple   | Became a worshipper of Sif Muna the Loreminder
  4377 | D:4      | Slain by an orc priest

Illustrated notes

Levels and vault maps discovered:
D:1:      minmay_arrival_stair_chambers, layout_basic, serial_shops, shop,
          chequers_serial_rivers_small_b
D:2:      cheibrodos_old_hovel, layout_loops_ring,
          shapermc_ecumenical_altar_mp_vishouse, guppyfry_early_orc_mine
D:3:      layout_loops_ring, slow_altar_1, mainiacjoe_overflow_cross_hatched,
          uniq_grinder
D:4:      layout_rooms, minmay_temple_entry_offerings,
          hangedman_decor_clover_reticule
Temple:   nicolae_temple_ecumenical_triangle

Skill      XL: |  1  2  3  4  5  6  7 |
---------------+----------------------+-----
Dodging        | 3 4 |  4.5
Transmutations | 3 4 |  4.3
Ice Magic      | 1 2 |  2.4
Poison Magic   | 1 2 |  2.5
Invocations    | 1 2 |  2.6
Fighting       | 2 |  2.8
Unarmed Combat | 4 |  4.3
Spellcasting   | 3 |  3.0

Action                   |  1- 3 |  4- 6 |  7- 9 || total
-------------------------+-------+-------+-------++-------
Melee: Unarmed           |    58 |       |       ||    58
       Headbutt          |     9 |     6 |     1 ||    16
       Scythe            |    25 |    82 |    29 ||   136
       Flail             |    10 |       |       ||    10
 Cast: Beastly Appendage |    18 |    16 |     1 ||    35
       Wereblood         |       |     2 |       ||     2
       Spider Form       |       |     2 |       ||     2
       Frozen Ramparts   |       |     1 |       ||     1
  Use: Scroll            |       |    10 |       ||    10
 Stab: Sleeping          |     2 |     2 |       ||     4
Armor: Robe              |    24 |    18 |     8 ||    50
Dodge: Dodged            |    58 |    68 |    22 ||   148
